 Dungeon Crawl Stone Soup: Circus Animals version 1.7-37-g2c94cca (webtiles) character file.

63687 DarthKuruptios the Axe Maniac (level 26, 342/342 HPs) *EASY*
             Began as a Minotaur Berserker on Aug 17, 2016.
             Was the Champion of Trog.
             Quit the game on level 2 of the Vaults on Aug 19, 2016.
             The game lasted 05:42:35 (87660 turns).

DarthKuruptios the Axe Maniac (Minotaur Berserker) Turns: 87660, Time: 05:42:35

Health: 342/342    AC: 45    Str: 27    XL:     26   Next: 66%
Magic:  75/75      EV: 27    Int:  6    God:    Trog [******]
Gold:   3276       SH:  0    Dex: 26    Spells: 0 memorised, 25 levels left

rFire  . . .     rPois    +     v - +10 broad axe of Zevoisai {freeze, MR+ SInv Stlth-}
rCold  + . .     rElec    +     J - +10 pearl dragon armour
rNeg   + + .     rCorr    +     (no shield) MagicSh . . . SeeInvis +
                                w - +2 hat of Foolhardiness {rElec rC+ Dex+2} StaminaSh . . . Faith .
                                t - +2 cloak RegenHP ++++++....
SustAt .                        y - +1 pair of gloves RegenSP +++++++... Dismiss .
                                g - +2 pair of boots of Free Expression {*Confuse rPois Dex+5} RegenMP +++....... Reflect .
                                G - amulet of Jifrenuc {RegenSP Int+2}
MR     +++..     Harm     .     a - ring of resist corrosion
Stlth  ..........               e - ring "Rogup" {rN+ Str+2 SP+25}

@: power, quick, quick, extremely resistant to hostile enchantments, extremely
unstealthy
A: retaliatory headbutt, horns 2, sturdy frame 1, rot immunity
a: Berserk, Trog's Hand, Brothers in Arms, Burn Spellbooks, Renounce Religion
}: 7/20 runes: decaying, serpentine, barnacled, elven, gossamer, dwarven,
creeping


You were on level 2 of the Vaults.
You worshipped Trog.
Trog was exalted by your worship.
You were not hungry.

You visited 13 branches of the dungeon, and saw 57 of its levels.
You visited the Abyss 1 time.
You visited 2 bazaars.
You also visited: Ice Cave.

You collected 13009 gold pieces.
You spent 9733 gold pieces at shops.

Inventory:

Hand Weapons
 l - the +9 hand axe of the Maze {venom, *Noise rElec rN+ Str+3}
   (You bought it in a shop in a bazaar)

   It poisons the flesh of those it strikes.
   It affects your strength (+3).
   It insulates you from electricity.
   It protects you from negative energy.
   It may make noises in combat.
 m - the +8 demon trident of Light {feather, MR+}
   (Trog gifted it to you on level 4 of the Lair of Beasts)

   It is lighter than normal, reducing stamina cost when using it.
   It affects your resistance to hostile enchantments.
 v - the +10 broad axe of Zevoisai (weapon) {freeze, MR+ SInv Stlth-}
   (You bought it in a shop on level 7 of the Lair of Beasts)

   It has been specially enchanted to freeze those struck by it, causing extra
   injury to most foes and up to half again as much damage against particularly
   susceptible opponents.
   It can also slow down cold-blooded creatures.
   It affects your resistance to hostile enchantments.
   It lets you see invisible.
   It makes you less stealthy.
 E - the +9 lance "Wyrmbane" {slay drac, rPois rF+ rC+ AC+3}
   (You acquired it on level 1 of the Shoals)

   It affects your AC (+3).
   It protects you from fire.
   It protects you from cold.
   It protects you from poison.
Armour
 g - the +2 pair of boots of Free Expression (worn) {*Confuse rPois Dex+5}
   (You bought it in a shop on level 2 of the Enchanted Forest)

   It affects your dexterity (+5).
   It protects you from poison.
   It may confuse you when you take damage.
 r - the +4 shield of Indomitability {-Cast +Inv Str+3 Int+3}
   (You found it on level 4 of the Spider Nest)

   It affects your strength (+3).
   It affects your intelligence (+3).
   It lets you turn invisible.
   It prevents spellcasting.
 t - a +2 cloak (worn)
 u - a +0 large shield
 w - the +2 hat of Foolhardiness (worn) {rElec rC+ Dex+2}
   (You acquired it on level 1 of the Shoals)

   It affects your dexterity (+2).
   It protects you from cold.
   It insulates you from electricity.
 y - a +1 pair of gloves (worn)
 B - the +7 plate armour of Intuition {Dex+2}
   (You found it on level 4 of the Elven Halls)

   It affects your dexterity (+2).
 J - a +10 pearl dragon armour (worn)
Jewellery
 a - a ring of resist corrosion (right hand)
 b - the ring "Hiquar" {*Contam rElec rPois rN+ Slay+3}
   (You bought it in a shop in a bazaar)

   [ring of slaying]

   It affects your accuracy and damage with ranged weapons and melee attacks
   (+3).
   It insulates you from electricity.
   It protects you from poison.
   It protects you from negative energy.
   It causes magical contamination when unequipped.
 e - the ring "Rogup" (left hand) {rN+ Str+2 SP+25}
   (You found it on level 4 of the Crypt)

   [ring of positive energy]

   It affects your strength (+2).
   It protects you from negative energy.
   It affects your stamina capacity (+25).
 h - the ring "Kezecess" {Fire MR+ Int+3}
   (You took it off a deep elf annihilator on level 4 of the Elven Halls)

   [ring of fire]

   It enhances your fire magic, and weakens your ice magic.
   It affects your intelligence (+3).
   It protects you from fire.
   It makes you vulnerable to cold.
   It affects your resistance to hostile enchantments.
 n - an uncursed ring of stamina
 p - the ring of Suspicion {rF+ rC+ Int+3}
   (You found it on level 2 of the Enchanted Forest)

   [ring of protection from fire]

   It affects your intelligence (+3).
   It protects you from fire.
   It protects you from cold.
 s - an uncursed amulet of magic shield
 x - the ring "Hamy" {-Tele rPois Dex+4 Slay+3}
   (You found it on level 2 of the Enchanted Forest)

   [ring of poison resistance]

   It affects your dexterity (+4).
   It affects your accuracy and damage with ranged weapons and melee attacks
   (+3).
   It protects you from poison.
   It prevents most forms of teleportation.
 D - an uncursed ring of positive energy
 G - the amulet of Jifrenuc (around neck) {RegenSP Int+2}
   (You acquired it on level 4 of the Spider Nest)

   [amulet of stamina regeneration]

   It increases your stamina regeneration.
   It affects your intelligence (+2).
Wands
 j - a wand of digging (70/139)
 H - a wand of hasting (5/9)
 M - a wand of heal wounds (30/28)
Scrolls
 g - 16 scrolls of immolation
 h - 27 scrolls of teleportation
 i - 8 scrolls of identify
 k - 7 scrolls of enchant armour
 m - 2 scrolls of silence
 o - 21 scrolls of remove curse
 t - 32 scrolls of fear
 u - 13 scrolls of fog
 y - 14 scrolls of enchant weapon
 B - 15 scrolls of blinking
 C - 4 scrolls of recharging
 D - 2 scrolls of holy word
 E - 5 scrolls of summoning
 F - a scroll of brand weapon
 G - 8 scrolls of magic mapping
 H - 9 scrolls of noise
Potions
 a - 20 potions of heal wounds
 b - 43 potions of stamina
 c - 36 potions of magic
 d - 21 potions of lignification
 e - 9 potions of cancellation
 f - 13 potions of brilliance
 j - 22 potions of agility
 l - 26 potions of might
 n - 10 potions of resistance
 p - 11 potions of mutation
 q - 60 potions of curing
 r - 26 potions of flight
 s - 12 potions of weak mutation
 v - 11 potions of haste
 w - 26 potions of ambrosia
 x - 7 potions of invisibility
 z - 7 potions of cure mutation
 A - 9 potions of berserk rage
Miscellaneous
 d - a phial of floods
 i - a box of beasts
 k - a phial of floods
 o - 8 sacks of spiders
 A - 3 phantom mirrors


   Skills:
 * Level 26.9 Fighting
 + Level 29.6 Axes
 + Level 17.0 Polearms
 + Level 2.7 Throwing
 + Level 18.7 Armour
 + Level 19.5 Dodging
 - Level 3.2 Stealth
 + Level 23.3 Shields
 + Level 3.6 Evocations


You had 25 spell levels left.
You didn't know any spells.

Dungeon Overview and Level Annotations

Branches:
  Crypt (4/4) Forest:3    Dungeon (7/7)               Dwarf (4/4) Orc:5
    Elf (4/4) Orc:3        Forest (5/7) Orc:7          Lair (7/7) D:7
    Orc (7/7) Lair:7       Shoals (4/4) Lair:4        Slime (1/4) Forest:5
  Snake (4/4) Lair:3       Spider (4/4) Orc:6         Swamp (4/4) Lair:6
 Vaults (2/4) Forest:5

Altars:
Ashenzari
Kikubaaqudgha
Okawaru
Trog
Vehumet
Yredelemnul
The Shining One
Beogh
Jiyva
Lugonu

Shops:
D:5 =   Dwarf:1 *   Elf:1 !   Elf:3 [   Elf:4 [   Forest:2 [*:   Lair:7 (
Orc:4 *:**[*   Orc:7 }(![   Shoals:2 }   Shoals:3 [   Shoals:4 *!([*

Portals:
Abyss: Elf:3


Innate Abilities, Weirdness & Mutations

You reflexively headbutt those who attack you in melee.
You have a pair of horns on your head.
Your movements are slightly less encumbered by armour. (ER -2)
You are immune to rotting.


Message History

You climb downwards.
Found a scroll of fog.
Found an escape hatch in the ceiling.
There is a stone staircase leading up here.
Welcome back, DarthKuruptios the Minotaur Berserker.
You are playing the Easy difficulty mode, Classic experience mode Trog says: Kill them all!
Welcome back, DarthKuruptios the Minotaur Berserker.
You are playing the Easy difficulty mode, Classic experience mode Trog says: Kill them all!
Welcome back, DarthKuruptios the Minotaur Berserker.
You are playing the Easy difficulty mode, Classic experience mode Trog says: Kill them all!
Welcome back, DarthKuruptios the Minotaur Berserker.
You are playing the Easy difficulty mode, Classic experience mode Trog says: Kill them all!
Welcome back, DarthKuruptios the Minotaur Berserker.
You are playing the Easy difficulty mode, Classic experience mode Trog says: Kill them all!
Press ? for a list of commands and other information.
Are you sure you want to abandon this character and quit the game? (Confirm with "yes".)

.8..8..<..8..8.
.............pp
#.##.##.##.##.#
# #+# #
###########
+..<......#
#...@.....#
#.........#
#.....?...#
#.........#
#.........#
######+####


There were no monsters in sight!

Vanquished Creatures
  2 giant centipedes
  Margery (Forest:2)
  Saint Roka (Forest:2)
  Xtahua (Crypt:1)
  Bai Suzhen (Swamp:3)
  Nikola (Dwarf:2)
  Arachne (Spider:4)
  A titan (shapeshifter) (Vaults:1)
  A deep elf blademaster (Elf:4)
  Jorgrun (Shoals:3)
  2 deep elf master archers (Elf:4)
  A shard shrike skeleton (Crypt:1)
  A sphinx (Vaults:1)
  2 liches (Crypt:4)
  Rupert (Orc:7)
  A storm dragon (Vaults:1)
  Agnes (Forest:2)
  8 ancient champions
  Kirke (Spider:3)
  A kraken (Shoals:4)
  Polyphemus (Shoals:2)
  8 revenants
  Roxanne (Elf:1)
  3 vault wardens (Vaults:1)
  Donald (Crypt:2)
  12 greater nagas
  Ilsuiw (Shoals:4)
  11 ghouls
  8 deep elf sorcerers
  3 deep elf elementalists (Elf:4)
  2 ironheart preservers (Vaults:1)
  8 curse skulls
  11 thorn hunters
  A caustic shrike zombie (Crypt:2)
  7 ghost moths
  A juggernaut zombie (Crypt:3)
  7 spriggan defenders
  3 emperor scorpions
  2 very ugly things
  Aizul (Snake:2)
  9 vampire knights
  6 orc warlords
  9 dire elephants
  9 unborn deep dwarves
  6 deep elf demonologists
  Azrael (Dwarf:1)
  11 deep elf annihilators
  5 entropy weavers
  16 eidola
  24 jiangshi
  4 stone giants
  8 crystal guardians (Elf:4)
  11 deep elf death magi
  A rakshasa (Vaults:1)
  A quicksilver dragon zombie (Crypt:3)
  5 apis
  An ice dragon (Vaults:1)
  4 great orbs of eyes (Forest:2)
  4 spark wasps
  2 blizzard demons (IceCv)
  5 deep elf high priests (Elf:4)
  6 merfolk javelineers
  14 merfolk impalers
  2 quicksilver dragon skeletons
  24 deep dwarf death knights
  A spectral shadow dragon (Crypt:4)
  13 vault guards
  5 ettins
  7 spriggan air magi
  2 green deaths (Swamp:4)
  4 death knights
  A death ooze (Swamp:4)
  3 merfolk avatars
  13 naga warriors
  2 spectral frost giants (Crypt:4)
  A fire dragon (Lair:7)
  8 merfolk aquamancers
  2 alligator snapping turtles
  Snorg (Lair:5)
  2 spectral storm dragons (Crypt:4)
  31 hydras
  11 deep troll earth magi
  12 vampire magi
  39 dancing weapons
  10 deep troll shamans
  9 ogre magi
  Josephine (Orc:2)
  A queen ant (Spider:3)
  18 satyrs
  2 storm dragon zombies
  12 iron trolls
  6 hell knights (Forest:2)
  7 soul eaters
  35 deep elf knights
  18 shadow wraiths
  43 skeletal warriors
  4 catoblepae
  7 death yaks
  A giant orange brain (Vaults:1)
  29 anacondas
  A hill giant (Vaults:1)
  6 ironbrand convokers (Vaults:1)
  A ghost crab (Swamp:1)
  7 flayed ghosts
  10 shock serpents
  32 deep trolls
  12 naga sharpshooters
  19 alligators
  2 hell beasts (Swamp:4)
  29 deep elf archers
  24 phantasmal warriors
  25 spriggan berserkers
  8 necromancers
  18 orc high priests
  6 vault sentinels (Vaults:1)
  An orange crystal statue (Dwarf:1)
  4 salamander mystics
  A thrashing horror (Swamp:4)
  Erolcha (Orc:4)
  109 deep elf magi
  21 sea snakes
  A shadow dragon zombie (Crypt:1)
  Urug (Lair:3)
  19 ugly things
  19 deep dwarf berserkers
  2 frost giant zombies (Crypt:3)
  A fire giant zombie (Crypt:1)
  10 naga ritualists
  3 yaktaurs (Vaults:1)
  An iron dragon skeleton (Crypt:3)
  31 wolf spiders
  19 shambling mangroves
  17 salamanders
  4 fire crabs
  7 harpies
  18 mana vipers
  3 dire elephant zombies
  20 orb spiders
  7 spriggan druids
  18 griffons
  10 sirens
  12 swamp dragons
  19 orc knights
  16 freezing wraiths
  4 water nymphs
  2 moths of wrath (Spider:4)
  A red draconian zombie (Crypt:3)
  11 guardian serpents
  3 ice statues (IceCv)
  7 oklob plants
  4 elves (Dwarf:4)
  A snapping turtle (shapeshifter) (Vaults:1)
  44 fauns
  18 naga magi
  16 orc sorcerers
  20 manticores
  24 deep dwarf artificers
  13 cyclopes
  41 deep dwarf necromancers
  19 hornets
  A shadow dragon simulacrum (Crypt:2)
  A hydra skeleton (Crypt:1)
  A blink frog (shapeshifter) (Elf:4)
  An iron troll skeleton (Crypt:4)
  14 demonic crawlers
  Pikel (D:5)
  A stone giant simulacrum (Vaults:1)
  13 ice devils (IceCv)
  36 elephants
  A golden dragon simulacrum (IceCv)
  A torpor snail (Lair:4)
  A moth of wrath zombie (Crypt:3)
  17 air elementals
  44 merfolk
  An anaconda simulacrum (IceCv)
  9 flying skulls (Crypt:4)
  58 black mambas
  A tarantella zombie (Crypt:4)
  A fire giant simulacrum (Crypt:3)
  25 jumping spiders
  2 orange demons (Swamp:4)
  2 boulder beetles
  21 deep dwarf scions
  2 meliai zombies
  An ettin skeleton (Crypt:1)
  16 komodo dragons
  18 spiny frogs
  10 snapping turtles
  A griffon skeleton (Crypt:4)
  18 giant leeches
  16 dryads
  9 fire elementals
  2 harpy zombies
  A black mamba zombie (Crypt:2)
  2 ice dragon skeletons
  A wind drake zombie (Crypt:1)
  23 slime creatures
  A black mamba skeleton (Crypt:2)
  5 hungry ghosts (Crypt:4)
  86 redbacks
  An eye of draining (Slime:1)
  40 water elementals
  18 trolls
  17 wind drakes
  10 rime drakes
  A polar bear (Lair:7)
  5 hogs (Spider:3)
  2 hell hounds (Dwarf:1)
  2 faun skeletons
  189 deep dwarves
  An iron troll simulacrum (IceCv)
  20 bog bodies
  29 two-headed ogres
  42 blink frogs
  6 necrophages
  2 ettin simulacra
  12 soldier ants (Spider:3)
  2 hydra simulacra (IceCv)
  An anubis guard zombie (Crypt:1)
  59 tarantellas
  A fire dragon simulacrum (Crypt:2)
  A hog zombie (Crypt:3)
  5 harpy simulacra (IceCv)
  52 yaks
  10 shadows
  A snapping turtle skeleton (Crypt:2)
  61 spriggans
  29 wraiths
  Duvessa (D:7)
  2 large abominations (Swamp:4)
  23 swamp worms
  12 hippogriffs
  12 basilisks
  7 earth elementals
  7 wyverns
  4 fire bats (Lair:3)
  A hell hound skeleton (Crypt:4)
  A wyvern skeleton (Crypt:2)
  18 wargs
  A spriggan zombie (Crypt:2)
  37 vampire mosquitoes
  3 mottled dragons
  52 nagas
  A manticore simulacrum (Crypt:2)
  12 water moccasins
  4 wights
  A yaktaur simulacrum (Vaults:1)
  4 black bears
  A hippogriff skeleton (Crypt:3)
  3 sky beasts
  3 steam dragons
  Dowan (D:7)
  57 ogres
  A demonspawn zombie (Crypt:3)
  17 crocodiles
  Jessica (D:4)
  A hell rat (Dwarf:4)
  A big kobold (D:7)
  A human skeleton (Crypt:3)
  12 porcupines
  11 swamp drakes
  79 wasps
  93 orc warriors
  A porcupine skeleton (Crypt:2)
  4 centaurs
  A demigod zombie (Crypt:2)
  48 wolves
  A sky beast zombie (Crypt:1)
  Sigmund (D:3)
  A crocodile zombie (Crypt:4)
  A mottled dragon skeleton (Crypt:4)
  17 giant frogs
  5 gnoll sergeants
  A human simulacrum (Crypt:3)
  A demigod skeleton (Crypt:3)
  A small abomination (Swamp:4)
  A worker ant zombie (Crypt:2)
  3 scorpions
  Menkaure (D:6)
  A giant frog zombie (D:5)
  A centaur skeleton (D:6)
  3 giant frog skeletons
  37 killer bees
  4 crimson imps
  13 electric eels
  2 dart slugs (D:2)
  A hound (D:5)
  A howler monkey (D:4)
  8 jellies
  73 orc priests
  5 giant geckos
  35 gnolls
  4 gnoll shamans
  18 iguanas
  370 orcs
  76 orc wizards
  A quasit (D:7)
  46 sheep
  22 worker ants
  12 adders
  10 bats
  5 giant cockroaches
  9 goblins
  11 hobgoblins
  16 jackals
  30 kobolds
  3 quokkas
  47 river rats
  2 shadow imps
  3 adder skeletons
  5 ball pythons
  A ball python skeleton (Crypt:4)
  A giant cockroach zombie (D:6)
  10 giant newts
  A goblin skeleton (Crypt:2)
  A hobgoblin zombie (Crypt:4)
  2 hound skeletons
  A howler monkey zombie (D:6)
  A jackal zombie (D:7)
  7 oozes
  A quokka skeleton (D:6)
  A quokka zombie (D:7)
  7 rats
  7 worms
  6 briar patches (Swamp:4)
  A bush (Lair:5)
  2 butterflies
  5 crawling corpses (Elf:4)
  3 fungi
  8 plants
  9 snaplasher vines
4100 creatures vanquished.

Vanquished Creatures (collateral kills)
  Mara (Elf:4)
  A curse skull (Crypt:2)
  3 deep elf annihilators (Elf:4)
  An orb spider (Spider:4)
  A jumping spider (Spider:4)
  A tarantella (Spider:3)
  3 blink frogs (Lair:1)
  2 yaks (Lair:1)
  6 soldier ants (Spider:3)
  An ogre (Orc:5)
  A crocodile (Lair:1)
  An orc warrior (Orc:5)
  3 worker ants (Spider:3)
  14 killer bees (Lair:1)
  A gnoll (Orc:5)
40 creatures vanquished.

Vanquished Creatures (others)
  An ancient champion (Crypt:1)
  A ghost moth (Spider:4)
  An entropy weaver (Spider:4)
  A deep elf high priest (Elf:1)
  A dancing weapon (Elf:1)
  A small abomination (Elf:4)
  A shadow wraith (Crypt:4)
  A satyr (Forest:1)
  3 naga sharpshooters (Snake:4)
  A skeletal warrior (Crypt:4)
  A deep dwarf berserker (Dwarf:2)
  A necromancer (Crypt:4)
  A sea snake (Snake:4)
  2 deep elf magi
  A manticore (Shoals:1)
  A swamp dragon (Swamp:4)
  3 cyclopes (Orc:5)
  A deep dwarf artificer (Dwarf:2)
  2 deep dwarf necromancers (Dwarf:1)
  2 demonic crawlers (Spider:4)
  A water elemental (Elf:2)
  A fire elemental (Elf:3)
  2 redbacks (Spider:4)
  3 tarantellas
  A deep dwarf (Dwarf:2)
  A naga (Snake:4)
  An ogre (Orc:6)
  2 wasps
  3 orcs
  An orc wizard (D:5)
  A butterfly (Forest:1)
  5 crawling corpses (Elf:4)
  6 fungi
  11 plants
  82 snaplasher vine segments
  2 tentacles (Shoals:4)
  A tentacle segment (Shoals:4)
151 creatures vanquished.

Grand Total: 4291 creatures vanquished

Notes
Turn   | Place    | Note
-------+----------+-------------------------------------------
     0 | D:1      | DarthKuruptios the Minotaur Berserker began the quest for the Orb.
     0 | D:1      | Reached XP level 1. HP: 39/39 MP: 75/75
   338 | D:1      | Reached XP level 2. HP: 49/51 MP: 75/75
   657 | D:1      | Reached XP level 3. HP: 63/63 MP: 75/75
   951 | D:1      | Reached ** piety under Trog
  1728 | D:2      | Reached XP level 4. HP: 76/76 MP: 75/75
  2033 | D:3      | Reached *** piety under Trog
  2073 | D:3      | Reached skill level 5 in Axes
  2228 | D:3      | Noticed Sigmund
  2247 | D:3      | Killed Sigmund
  2247 | D:3      | Reached skill level 5 in Fighting
  2283 | D:3      | Reached XP level 5. HP: 72/88 MP: 75/75
  2354 | D:3      | Reached **** piety under Trog
  2572 | D:3      | Found a shattered altar of Ashenzari.
  3083 | D:4      | Reached ***** piety under Trog
  3114 | D:4      | Reached skill level 1 in Polearms
  3514 | D:4      | Noticed Jessica
  3518 | D:4      | Killed Jessica
  3518 | D:4      | Reached XP level 6. HP: 98/100 MP: 75/75
  3713 | D:5      | Entered Level 5 of the Dungeon
  3730 | D:5      | Found an iron altar of Okawaru.
  3907 | D:5      | Found Voyv's Jewellery Emporium.
  3919 | D:5      | Bought an uncursed ring of stamina for 220 gold pieces
  4040 | D:5      | Noticed Pikel
  4051 | D:5      | Killed Pikel
  4051 | D:5      | Reached XP level 7. HP: 85/112 MP: 75/75
  4798 | D:6      | Noticed Menkaure
  4806 | D:6      | Killed Menkaure
  5635 | D:7      | Entered Level 7 of the Dungeon
  5640 | D:7      | Reached ****** piety under Trog
  5901 | D:7      | Noticed Duvessa
  5901 | D:7      | Noticed Dowan
  5911 | D:7      | Killed Duvessa
  5915 | D:7      | Killed Dowan
  6279 | D:7      | Found a staircase to the Lair.
  6294 | D:7      | Reached XP level 8. HP: 69/124 MP: 75/75
  7157 | Lair:1   | Entered Level 1 of the Lair of Beasts
  7180 | Lair:1   | Reached XP level 9. HP: 135/135 MP: 75/75
  7404 | Lair:1   | Received a gift from Trog
  7603 | Lair:1   | Found a radiant altar of Vehumet.
  7693 | Lair:1   | Reached skill level 5 in Polearms
  7693 | Lair:1   | Reached XP level 10. HP: 130/145 MP: 75/75
  8397 | Lair:1   | Received a gift from Trog
  8999 | Lair:2   | Reached skill level 6 in Axes
  9011 | Lair:2   | Reached skill level 5 in Dodging
  9108 | Lair:2   | Reached skill level 5 in Armour
  9243 | Lair:2   | Reached XP level 11. HP: 155/156 MP: 75/75
  9249 | Lair:2   | Noticed a catoblepas
  9258 | Lair:2   | Killed a catoblepas
  9585 | Lair:2   | Got a slimy battleaxe
  9586 | Lair:2   | Identified the +5 battleaxe of Compulsion {feather, *Confuse rF+ Int+3 Stlth+} (You found it on level 2 of the Lair of Beasts)
 10220 | Lair:3   | Found a staircase to the Snake Pit.
 10468 | Lair:3   | Noticed a two-headed hydra
 10478 | Lair:3   | Killed a one-headed hydra
 10940 | Lair:3   | Noticed Urug
 10955 | Lair:3   | Killed Urug
 11562 | Lair:3   | Reached XP level 12. HP: 166/168 MP: 75/75
 12150 | Lair:4   | Found a staircase to the Shoals.
 12171 | Lair:4   | Received a gift from Trog
 12176 | Lair:4   | Got a warped demon trident {god gift}
 12177 | Lair:4   | Identified the +8 demon trident of Light {feather, MR+} (Trog gifted it to you on level 4 of the Lair of Beasts)
 13250 | Lair:5   | Reached skill level 7 in Axes
 14671 | Lair:5   | Received a gift from Trog
 14909 | Lair:5   | Noticed Snorg
 14920 | Lair:5   | Killed Snorg
 14920 | Lair:5   | Reached skill level 1 in Shields
 14920 | Lair:5   | Reached XP level 13. HP: 178/180 MP: 75/75
 15713 | Lair:6   | Got a sparkling copper ring
 15715 | Lair:6   | Identified the ring of Affa {Fire Str+2} (You found it on level 6 of the Lair of Beasts)
 15965 | Lair:6   | Found a staircase to the Swamp.
 16192 | Lair:6   | Identified a scroll of acquirement
 16228 | Lair:6   | Received a gift from Trog
 16784 | Lair:7   | Entered Level 7 of the Lair of Beasts
 16874 | Lair:7   | Reached XP level 14. HP: 192/192 MP: 75/75
 17010 | Lair:7   | Reached skill level 5 in Shields
 17096 | Lair:7   | Reached skill level 8 in Axes
 17103 | Lair:7   | Gained mutation: Your flesh is heat resistant. (rF+) [potion of beneficial mutation]
 17351 | Lair:7   | Reached skill level 10 in Fighting
 17368 | Lair:7   | Received a gift from Trog
 17530 | Lair:7   | Found Kiusem's Weapon Shoppe.
 17530 | Lair:7   | Found a staircase to the Orcish Mines.
 17615 | Lair:7   | Bought the +10 broad axe of Zevoisai {freeze, MR+ SInv Stlth-} for 1089 gold pieces
 18211 | Lair:7   | Received a gift from Trog
 18212 | Lair:7   | Reached XP level 15. HP: 204/204 MP: 75/75
 19285 | Orc:1    | Entered Level 1 of the Orcish Mines
 19429 | Orc:1    | Received a gift from Trog
 19608 | Orc:2    | Noticed Josephine
 19620 | Orc:2    | Killed Josephine
 19940 | Orc:3    | Reached skill level 9 in Axes
 19994 | Orc:3    | Received a gift from Trog
 20571 | Orc:4    | Found Goecriyd's General Store.
 20578 | Orc:4    | Found Mawoov's Assorted Antiques.
 20607 | Orc:4    | Found Mineor's Book Boutique.
 20615 | Orc:4    | Bought a scroll of identify for 20 gold pieces
 20615 | Orc:4    | Bought a potion of ambrosia for 80 gold pieces
 20662 | Orc:4    | Bought a pair of glowing gloves for 135 gold pieces
 20754 | Orc:4    | Noticed Erolcha
 20759 | Orc:4    | Killed Erolcha
 20827 | Orc:4    | Received a gift from Trog
 21144 | Orc:5    | Found a roughly hewn altar of Beogh.
 21149 | Orc:5    | Found a viscous altar of Jiyva.
 21284 | Orc:6    | Received a gift from Trog
 21286 | Orc:6    | Reached skill level 10 in Polearms
 21341 | Orc:6    | Reached XP level 16. HP: 214/215 MP: 75/75
 21450 | Orc:7    | Entered Level 7 of the Orcish Mines
 21450 | Orc:7    | Found a staircase to the Enchanted Forest.
 21606 | Orc:7    | Noticed Rupert
 21620 | Orc:7    | Killed Rupert
 21712 | Orc:7    | Received a gift from Trog
 22012 | Orc:7    | Found a roughly hewn altar of Beogh.
 22101 | Orc:7    | Found Goebo's Distillery.
 22115 | Orc:7    | Bought 2 potions of heal wounds for 320 gold pieces
 22115 | Orc:7    | Bought 2 potions of heal wounds for 320 gold pieces
 22115 | Orc:7    | Bought a potion of beneficial mutation for 700 gold pieces
 22121 | Orc:7    | Found Plog's Armour Emporium.
 22264 | Orc:7    | Found a roughly hewn altar of Beogh.
 22292 | Orc:7    | Found Ybues's Gadget Shoppe.
 22433 | Orc:7    | Found Isaegen's Antique Weapon Boutique.
 22436 | Orc:7    | Received a gift from Trog
 22788 | Orc:7    | Bought a +2 chain mail of poison resistance for 240 gold pieces
 23133 | Forest:1 | Entered Level 1 of the Enchanted Forest
 23594 | Forest:1 | Reached skill level 10 in Shields
 24744 | Forest:1 | Reached skill level 10 in Axes
 25651 | Swamp:1  | Entered Level 1 of the Swamp
 25794 | Swamp:1  | Received a gift from Trog
 25820 | Swamp:1  | Reached XP level 17. HP: 226/226 MP: 75/75
 27730 | Swamp:2  | Received a gift from Trog
 28066 | Swamp:2  | Reached skill level 10 in Armour
 29217 | Swamp:2  | Gained mutation: You passively map a small area around you. [potion of beneficial mutation]
 29361 | Swamp:3  | Reached skill level 10 in Dodging
 29982 | Swamp:3  | Received a gift from Trog
 29994 | Swamp:3  | Reached skill level 11 in Axes
 30544 | Swamp:3  | Noticed Bai Suzhen
 30585 | Swamp:3  | Killed Bai Suzhen
 31131 | Swamp:4  | Entered Level 4 of the Swamp
 31227 | Swamp:4  | Reached XP level 18. HP: 231/243 MP: 75/75
 31951 | Swamp:4  | Identified a +6 rod of clouds (13/13) (You found it on level 7 of the Lair of Beasts)
 32013 | Swamp:4  | Got a decaying rune of Zot
 32636 | Swamp:4  | Received a gift from Trog
 33086 | Snake:1  | Entered Level 1 of the Snake Pit
 33913 | Snake:1  | Reached XP level 19. HP: 255/257 MP: 75/75
 33924 | Snake:1  | Reached skill level 12 in Axes
 33933 | Snake:1  | Received a gift from Trog
 34082 | Snake:1  | Got a fine ring mail
 34093 | Snake:1  | Identified the +4 ring mail "Miruinuh" {MR+} (You found it on level 1 of the Snake Pit)
 35755 | Snake:2  | Noticed Aizul
 35768 | Snake:2  | Killed Aizul
 36515 | Snake:3  | Received a gift from Trog
 37042 | Snake:3  | Received a gift from Trog
 37959 | Snake:4  | Entered Level 4 of the Snake Pit
 37980 | Snake:4  | Reached skill level 15 in Shields
 38418 | Snake:4  | Reached XP level 20. HP: 257/263 MP: 67/75
 38487 | Snake:4  | Reached skill level 13 in Axes
 38527 | Snake:4  | Reached skill level 15 in Fighting
 38548 | Snake:4  | Received a gift from Trog
 38620 | Snake:4  | Got a serpentine rune of Zot
 39069 | Shoals:1 | Entered Level 1 of the Shoals
 39084 | Shoals:1 | Got a heavily runed hat
 39095 | Shoals:1 | Identified the +2 hat of Foolhardiness {rElec rC+ Dex+2} (You acquired it on level 1 of the Shoals)
 40194 | Orc:1    | Received a gift from Trog
 40607 | Orc:2    | Found an iron altar of Okawaru.
 40854 | Orc:2    | Found a bloodstained altar of Trog.
 41079 | Orc:3    | Found a staircase to the Elven Halls.
 41248 | Orc:4    | Found Tubbagutoh's Assorted Antiques.
 41259 | Orc:4    | Received a gift from Trog
 41272 | Orc:4    | Bought a potion of stamina for 248 gold pieces
 41302 | Orc:4    | Found a bloodstained altar of Trog.
 41303 | Orc:4    | Found Moten's Antique Armour Emporium.
 41310 | Orc:4    | Found Qerghu's General Store.
 41325 | Orc:4    | Bought a scroll of teleportation for 57 gold pieces
 41325 | Orc:4    | Bought a scroll of magic mapping for 66 gold pieces
 41467 | Orc:5    | Found a staircase to the Dwarven Fortress.
 41602 | Orc:5    | Reached skill level 14 in Axes
 41984 | Orc:6    | Received a gift from Trog
 42020 | Orc:6    | Got a transparent glaive {god gift}
 42021 | Orc:6    | Identified the +3 glaive of Recklessness {chop, rPois rF- rC++ Dex+3} (Trog gifted it to you on level 6 of the Orcish Mines)
 42103 | Orc:6    | Found a hole to the Spider Nest.
 42138 | Orc:6    | Received a gift from Trog
 42674 | Spider:1 | Entered Level 1 of the Spider Nest
 42754 | Spider:1 | Found a frozen archway.
 42760 | IceCv    | Entered an ice cave
 43782 | Spider:1 | Received a gift from Trog
 44144 | Spider:1 | Reached skill level 15 in Polearms
 46029 | Spider:2 | Received a gift from Trog
 46131 | Spider:2 | Reached XP level 21. HP: 262/270 MP: 66/75
 47153 | Spider:3 | Reached skill level 1 in Stealth
 47322 | Spider:3 | Gained mutation: You occasionally figure out what unidentified objects are. [potion of beneficial mutation]
 47465 | Spider:3 | Noticed Kirke
 47485 | Spider:3 | Killed Kirke
 47770 | Spider:3 | Received a gift from Trog
 48317 | Spider:4 | Entered Level 4 of the Spider Nest
 48436 | Spider:4 | Noticed Arachne
 48452 | Spider:4 | Killed Arachne
 48493 | Spider:4 | Received a gift from Trog
 48939 | Spider:4 | Got a gossamer rune of Zot
 49203 | Spider:4 | Got a polished shield
 49204 | Spider:4 | Identified the +4 shield of Indomitability {-Cast +Inv Str+3 Int+3} (You found it on level 4 of the Spider Nest)
 49355 | Spider:4 | Received a gift from Trog
 49479 | Spider:4 | Got a brightly glowing emerald amulet
 49481 | Spider:4 | Identified the amulet of Jifrenuc {RegenSP Int+2} (You acquired it on level 4 of the Spider Nest)
 50943 | Shoals:2 | Noticed Polyphemus
 50955 | Shoals:2 | Reached skill level 15 in Axes
 50969 | Shoals:2 | Killed Polyphemus
 51045 | Shoals:2 | Received a gift from Trog
 51393 | Shoals:2 | Found Desacui's Gadget Emporium.
 51426 | Shoals:2 | Bought a sack of spiders for 540 gold pieces
 51426 | Shoals:2 | Bought a sack of spiders for 540 gold pieces
 51911 | Shoals:3 | Cast into level 2 of the Abyss (merfolk)
 51914 | Abyss:2  | Found a corrupted altar of Lugonu.
 52045 | Abyss:2  | Found a corrupted altar of Lugonu.
 52156 | Shoals:3 | Escaped the Abyss
 52425 | Shoals:3 | Received a gift from Trog
 52462 | Shoals:3 | Noticed Jorgrun
 52474 | Shoals:3 | Killed Jorgrun
 52474 | Shoals:3 | Reached XP level 22. HP: 273/293 MP: 75/75
 52638 | Shoals:3 | Found Cotsadwe's Antique Armour Shoppe.
 52647 | Shoals:3 | Bought a shiny pearl dragon armour for 2997 gold pieces
 52859 | Shoals:4 | Entered Level 4 of the Shoals
 52895 | Shoals:4 | Found Qoom's Antique Armour Shop.
 53060 | Shoals:4 | Noticed Ilsuiw
 53081 | Shoals:4 | Killed Ilsuiw
 53151 | Shoals:4 | Found Ogikoze's Weapon Boutique.
 53187 | Shoals:4 | Found Dfemn's Desiderata Depot.
 53220 | Shoals:4 | Reached skill level 16 in Axes
 53256 | Shoals:4 | Found Laot's Distillery.
 53359 | Shoals:4 | Received a gift from Trog
 53402 | Shoals:4 | Got a barnacled rune of Zot
 53795 | Shoals:4 | Found Atazoxyach's Assorted Antiques.
 54511 | Dwarf:1  | Entered Level 1 of the Dwarven Fortress
 55051 | Dwarf:1  | Received a gift from Trog
 55069 | Dwarf:1  | Got a crystal demon trident {god gift}
 55070 | Dwarf:1  | Identified the +3 demon trident of Parts Unknown {vamp, rN+ MR+ Int+4} (Trog gifted it to you on level 1 of the Dwarven Fortress)
 55290 | Dwarf:1  | Found Yveidgh's Assorted Antiques.
 55461 | Dwarf:1  | Noticed Azrael
 55472 | Dwarf:1  | Killed Azrael
 55733 | Dwarf:1  | Reached skill level 17 in Axes
 56476 | Dwarf:2  | Received a gift from Trog
 56983 | Dwarf:2  | Gained mutation: You can survive without breathing. [potion of beneficial mutation]
 56984 | Dwarf:2  | Gained mutation: You are partially covered in iridescent scales. (AC +4) [potion of beneficial mutation]
 57078 | Dwarf:2  | Received a gift from Trog
 57081 | Dwarf:2  | Got a pitted trident {god gift}
 57082 | Dwarf:2  | Identified the +6 trident of Fundamental Breach {pierce, rF+ Str+4} (Trog gifted it to you on level 2 of the Dwarven Fortress)
 57285 | Dwarf:2  | Gained mutation: You have an increased reservoir of magic (+25 MP). [potion of beneficial mutation]
 57441 | Dwarf:2  | Noticed Nikola
 57453 | Dwarf:2  | Killed Nikola
 58068 | Dwarf:3  | Received a gift from Trog
 58081 | Dwarf:3  | Reached skill level 18 in Axes
 58081 | Dwarf:3  | Reached skill level 15 in Armour
 58783 | Dwarf:4  | Entered Level 4 of the Dwarven Fortress
 58921 | Dwarf:4  | Reached XP level 23. HP: 305/305 MP: 100/100
 58933 | Dwarf:4  | Reached skill level 19 in Axes
 59035 | Dwarf:4  | Received a gift from Trog
 59488 | Dwarf:4  | Got a dwarven rune of Zot
 59532 | Dwarf:4  | Found a bloodstained altar of Trog.
 59538 | Dwarf:4  | Found a basalt altar of Yredelemnul.
 59744 | Dwarf:4  | Received a gift from Trog
 60205 | Dwarf:4  | Reached skill level 20 in Axes
 60466 | Dwarf:4  | Received a gift from Trog
 60938 | Dwarf:4  | Received a gift from Trog
 61354 | Elf:1    | Entered Level 1 of the Elven Halls
 61463 | Elf:1    | Noticed Roxanne
 61488 | Elf:1    | Received a gift from Trog
 61506 | Elf:1    | Killed Roxanne
 61968 | Elf:1    | Found Ischeap's Distillery.
 62063 | Elf:1    | Received a gift from Trog
 62214 | Elf:1    | Reached skill level 21 in Axes
 62341 | Elf:2    | Found a flickering gateway to a bazaar.
 62353 | Bazaar   | Entered a bazaar
 62387 | Bazaar   | Found Jaufucs's Antique Armour Boutique.
 62387 | Bazaar   | Found Elicew's Armour Shop.
 62429 | Bazaar   | Found Coixtuca's Distillery.
 62429 | Bazaar   | Found Fuamep's Antique Weapon Shop.
 62460 | Bazaar   | Bought a slimy broad axe for 225 gold pieces
 62466 | Bazaar   | Bought a potion of heal wounds for 88 gold pieces
 62505 | Bazaar   | Found Qelim's Jewellery Shop.
 62567 | Bazaar   | Identified the +2 broad axe of the Madman {flame, Str-2 Dex+3 SInv} (You bought it in a shop in a bazaar)
 62636 | Bazaar   | Bought a scorched hand axe for 200 gold pieces
 62636 | Bazaar   | Bought a dazzling glaive for 287 gold pieces
 62636 | Bazaar   | Identified the +9 hand axe of the Maze {venom, *Noise rElec rN+ Str+3} (You bought it in a shop in a bazaar)
 62636 | Bazaar   | Identified the +2 glaive of Gepoki {chop, rElec} (You bought it in a shop in a bazaar)
 62755 | Elf:2    | Reached skill level 15 in Dodging
 62845 | Elf:2    | Received a gift from Trog
 63148 | Elf:2    | Found a runed gate.
 63148 | Elf:2    | Found a runed gate.
 63152 | Elf:2    | Found a runed gate.
 63319 | Elf:2    | Got a twisted glaive
 63324 | Elf:2    | Identified the +2 glaive of the Eternal Warrior {chop, rElec Str+3 Int-2 Dex+2} (You found it on level 2 of the Elven Halls)
 63619 | Elf:2    | Reached skill level 22 in Axes
 64088 | Elf:3    | Received a gift from Trog
 64266 | Elf:3    | Reached XP level 24. HP: 318/318 MP: 100/100
 64862 | Elf:3    | Found Nezxirch's Antique Armour Boutique.
 65033 | Elf:3    | Found a corrupted altar of Lugonu.
 65050 | Elf:3    | Found a one-way gate to the infinite horrors of the Abyss.
 65404 | Elf:3    | Received a gift from Trog
 66052 | Elf:4    | Entered Level 4 of the Elven Halls
 66052 | Elf:4    | Found Owauv's Antique Armour Emporium.
 66183 | Elf:4    | Received a gift from Trog
 66529 | Elf:4    | Reached skill level 23 in Axes
 66624 | Elf:4    | Noticed Mara
 66635 | Elf:4    | Killed Mara
 66666 | Elf:4    | Received a gift from Trog
 67269 | Elf:4    | Got a brightly glowing brass ring
 67295 | Elf:4    | Got a shimmering silver ring
 67332 | Elf:4    | Received a gift from Trog
 67335 | Elf:4    | Got an ancient war axe {god gift}
 67336 | Elf:4    | Identified the +2 war axe of Trog's Hatred {antimagic, *Contam Fragile +Rage rPois rN+++} (Trog gifted it to you on level 4 of the Elven Halls)
 67345 | Elf:4    | Gained mutation: You are occasionally teleported next to monsters. [mutagenic glow]
 67433 | Elf:4    | Got a smoking plate armour
 67444 | Elf:4    | Identified the +7 plate armour of Intuition {Dex+2} (You found it on level 4 of the Elven Halls)
 67460 | Elf:4    | Got an elven rune of Zot
 67506 | Elf:4    | Identified the ring "Kezecess" {Fire MR+ Int+3} (You took it off a deep elf annihilator on level 4 of the Elven Halls)
 67507 | Elf:4    | Identified the ring of the Fortune-Teller {*Tele Int-2 Dex+2 Stlth+} (You took it off a deep elf death mage on level 4 of the Elven Halls)
 67769 | Forest:2 | Noticed Agnes
 67777 | Forest:2 | Killed Agnes
 67807 | Forest:2 | Noticed a giant centipede
 67830 | Forest:2 | Killed a giant centipede
 67853 | Forest:2 | Reached skill level 24 in Axes
 67958 | Forest:2 | Got a translucent silver ring
 67959 | Forest:2 | Identified the ring of Suspicion {rF+ rC+ Int+3} (You found it on level 2 of the Enchanted Forest)
 67972 | Forest:2 | Found Poseagg's Antique Armour Boutique.
 67982 | Forest:2 | Bought a pair of bloodstained boots for 408 gold pieces
 67992 | Forest:2 | Identified the +2 pair of boots of Free Expression {*Confuse rPois Dex+5} (You bought it in a shop on level 2 of the Enchanted Forest)
 68033 | Forest:2 | Received a gift from Trog
 68115 | Forest:2 | Got an ancient copper ring
 68119 | Forest:2 | Identified the ring "Hamy" {-Tele rPois Dex+4 Slay+3} (You found it on level 2 of the Enchanted Forest)
 68277 | Forest:2 | Noticed Margery
 68289 | Forest:2 | Killed Margery
 68363 | Forest:2 | Found Kaenocy's Book Boutique.
 68568 | Forest:2 | Received a gift from Trog
 68595 | Forest:2 | Found Diluroir's Assorted Antiques.
 68638 | Forest:2 | Noticed Saint Roka
 68667 | Forest:2 | Killed Saint Roka
 68683 | Forest:2 | Got a sparkling jade ring
 68684 | Forest:2 | Identified the ring of Aqorr {rPois rC+ Int+2} (You found it on level 2 of the Enchanted Forest)
 69538 | Forest:3 | Found a staircase to the Crypt.
 70981 | Crypt:1  | Entered Level 1 of the Crypt
 71004 | Crypt:1  | Reached skill level 25 in Axes
 71005 | Crypt:1  | Reached XP level 25. HP: 330/330 MP: 100/100
 71070 | Crypt:1  | Gained mutation: You have very sharp teeth. [potion of beneficial mutation]
 71072 | Crypt:1  | Lost mutation: Your flesh is heat resistant. (rF+) [potion of cure mutation]
 71072 | Crypt:1  | Lost mutation: You have very sharp teeth. [potion of cure mutation]
 71072 | Crypt:1  | Lost mutation: You passively map a small area around you. [potion of cure mutation]
 71072 | Crypt:1  | Lost mutation: You can survive without breathing. [potion of cure mutation]
 71072 | Crypt:1  | Lost mutation: You are partially covered in iridescent scales. (AC +4) [potion of cure mutation]
 71072 | Crypt:1  | Lost mutation: You occasionally figure out what unidentified objects are. [potion of cure mutation]
 71073 | Crypt:1  | Lost mutation: You have an increased reservoir of magic (+25 MP). [potion of cure mutation]
 71073 | Crypt:1  | Lost mutation: You are occasionally teleported next to monsters. [potion of cure mutation]
 72089 | Crypt:1  | Noticed Xtahua
 72106 | Crypt:1  | Killed Xtahua
 73060 | Crypt:1  | Gained mutation: Your movements are slightly less encumbered by armour. (ER -2) [potion of beneficial mutation]
 73623 | Crypt:2  | Noticed Donald
 73633 | Crypt:2  | Received a gift from Trog
 73635 | Crypt:2  | Killed Donald
 74000 | Crypt:2  | Reached skill level 26 in Axes
 74010 | Crypt:2  | Found a basalt altar of Yredelemnul.
 75464 | Crypt:3  | Gained mutation: You are immune to rotting. [potion of beneficial mutation]
 76056 | Crypt:4  | Entered Level 4 of the Crypt
 76566 | Crypt:4  | Reached skill level 27 in Axes
 77048 | Crypt:4  | Found an ancient bone altar of Kikubaaqudgha.
 77859 | Crypt:4  | Got a steaming bone ring
 77860 | Crypt:4  | Identified the ring "Rogup" {rN+ Str+2 SP+25} (You found it on level 4 of the Crypt)
 77892 | Crypt:4  | Got a creeping rune of Zot
 78037 | Crypt:4  | Reached XP level 26. HP: 342/342 MP: 75/75
 78450 | Forest:4 | Received a gift from Trog
 79456 | Forest:4 | Received a gift from Trog
 79690 | Forest:4 | Found a glowing golden altar of the Shining One.
 79992 | Forest:4 | Reached skill level 28 in Axes
 81475 | Forest:5 | Found a gate to the Vaults.
 81795 | Forest:5 | Noticed a giant centipede
 81819 | Forest:5 | Killed a giant centipede
 82222 | Forest:5 | Received a gift from Trog
 83580 | Forest:5 | Found a staircase to the Slime Pits.
 84659 | Vaults:1 | Entered Level 1 of the Vaults
 84696 | Vaults:1 | Received a gift from Trog
 84709 | Vaults:1 | Found a flickering gateway to a bazaar.
 84724 | Bazaar   | Entered a bazaar
 84724 | Bazaar   | Found Cewaxije's Jewellery Shop.
 84724 | Bazaar   | Found Ywileth's Distillery.
 84724 | Bazaar   | Found Bor Ises's Antique Armour Shop.
 84724 | Bazaar   | Found Quafef's Gadget Emporium.
 84736 | Bazaar   | Found Paewneog's Weapon Boutique.
 84850 | Bazaar   | Bought a potion of heal wounds for 88 gold pieces
 84855 | Bazaar   | Bought the ring "Hiquar" {*Contam rElec rPois rN+ Slay+3} for 865 gold pieces
 84901 | Vaults:1 | Reached skill level 29 in Axes
 85936 | Vaults:1 | Received a gift from Trog
 87017 | Vaults:1 | Received a gift from Trog
 87551 | Slime:1  | Entered Level 1 of the Pits of Slime
 87660 | Vaults:2 | Quit the game

Skill      XL: |  1  2  3  4  5  6  7  8  9 10 11 12 13 14 15 16 17 18 19 20 21 22 23 24 25 26 |
---------------+-------------------------------------------------------------------------------+-----
Axes           | 5 6 7 8 9 10 11 12 14 15 18 22 25 27 29 | 29.6
Fighting       | 5 6 7 8 9 10 11 12 13 14 16 17 19 20 21 24 26 | 26.9
Armour         | 3 4 5 6 7 8 9 10 11 12 13 14 15 17 18 | 18.7
Polearms       | 1 2 3 4 5 7 8 9 10 11 12 14 15 16 17 | 17.0
Dodging        | 3 4 5 6 7 8 9 10 11 14 15 17 19 | 19.5
Shields        | 1 4 6 8 10 11 13 15 17 19 22 23 | 23.3
Stealth        | 1 3 |  3.2
Throwing       | 2 |  2.7
Evocations     | 3 |  3.6

Action                   |  1- 3 |  4- 6 |  7- 9 | 10-12 | 13-15 | 16-18 | 19-21 | 22-24 | 25-27 || total
-------------------------+-------+-------+-------+-------+-------+-------+-------+-------+-------++-------
Melee: Hand axe          |    82 |    91 |       |     7 |       |       |       |       |       ||   180
       Headbutt          |    15 |    58 |    68 |    85 |   162 |   198 |   547 |   826 |   852 ||  2811
       Scythe            |       |   251 |   422 |   199 |       |       |       |       |       ||   872
       Broad axe         |       |       |       |    32 |   403 |  1139 |  1013 |  3142 |  2368 ||  8097
       Battleaxe         |       |       |       |   172 |     3 |       |       |       |       ||   175
       Demon trident     |       |       |       |   153 |   511 |       |   429 |       |    30 ||  1123
       Lance             |       |       |       |       |       |       |  1317 |    14 |    46 ||  1377
Invok: Trog's Hand       |       |     2 |     2 |     2 |     3 |     1 |     1 |     1 |     2 ||    14
       Berserk           |       |     2 |     2 |       |       |     1 |     1 |     1 |     1 ||     8
       Brothers in Arms  |       |       |     1 |     1 |     1 |     1 |     2 |     1 |     3 ||    10
       Burn Spellbooks   |       |       |       |     6 |     1 |     4 |     3 |    18 |     4 ||    36
Evoke: Wand              |       |       |       |     1 |       |     1 |     7 |     1 |     3 ||    13
  Use: Scroll            |     6 |    15 |     4 |     4 |     7 |    10 |    11 |    28 |     2 ||    87
       Potion            |       |       |       |     1 |     2 |     8 |    21 |     8 |     8 ||    48
 Stab: Sleeping          |       |     1 |     1 |       |     1 |       |     6 |       |     1 ||    10
       Petrifying        |       |       |       |       |       |       |     2 |       |       ||     2
       Petrified         |       |       |       |       |       |       |     1 |       |       ||     1
       Distracted        |       |       |       |       |       |       |       |     3 |       ||     3
Armor: Scale mail        |    27 |   182 |    48 |       |       |       |       |       |       ||   257
       Plate armour      |       |       |   363 |   480 |   430 |   397 |   166 |       |       ||  1836
       Chain mail        |       |       |       |       |       |    56 |   217 |       |       ||   273
       Crystal plate arm |       |       |       |       |       |       |  1432 |     2 |       ||  1434
       Pearl dragon armo |       |       |       |       |       |       |       |  1091 |   850 ||  1941
Dodge: Dodged            |    65 |   248 |   411 |   338 |   327 |   315 |  1033 |  2165 |  2844 ||  7746
Block: Buckler           |       |       |       |     3 |    10 |       |       |       |       ||    13
       Shield            |       |       |       |       |   542 |   787 |  1628 |  3199 |       ||  6156
       Reflection        |       |       |       |       |    21 |    37 |    84 |       |       ||   142
       Large shield      |       |       |       |       |       |       |  1620 |       |       ||  1620
